AoeStats
← КОБИАН

Hideout

509536008Analyzed
1v1 RM · 6d ago on Sep 27, 2026· 33m 59s· 2 players
Game mode
Random Map
Map size
Tiny (2 player)
Population
200
Speed
Normal
Resources
Standard
Victory
Conquest
Starting age
Dark Age
Ending age
Imperial Age
RankedLock teamsTeams togetherTeam positionsShared explorationLock speedFull tech treeHidden civsTurbo modeCheats
Victory
Defeat
🇲🇽 Khmer · Mexico
895
+13
🇨🇳 Saxons · China
831
-13
历史大帝
8:41 Loom
11:23 Feudal Age
17:05 Castle Age
15:17 Double-Bit Axe
15:54 Arson
16:26 Scale Mail Armor
17:33 Gold Mining
18:18 Gambesons
18:34 Squires
25:32 Chain Mail Armor
КОБИАН
10:42 Feudal Age
15:52 Castle Age
14:26 Horse Collar
14:46 Double-Bit Axe
16:52 Heavy Plow
18:27 Loom
23:14 Scale Barding Armor
25:28 Bloodlines
28:49 Wheelbarrow
28:44 Husbandry
30:14 Hand Cart
34:26 Imperial Age
32:21 Husbandry
32:45 Forging
34:22 Gold Mining
Connection lost

Rejoining the realm…

Still unreachable

The connection could not be restored.

Session expired

The server has moved on; the page needs a fresh start.